 Dungeon Crawl Stone Soup version 0.29.0-4-gdea44cf6ec (webtiles) character file.

Game seed: 2923108331300240869

37 qw the Ruffian (level 3, -3/36 HPs)
             Began as a Troll Cinder Acolyte on Aug 31, 2022.
             Was a High Priest of Ignis.
             Slain by Sigmund
             ... wielding a +0 scythe
              (6 damage)
             ... on level 2 of the Dungeon.
             The game lasted 00:00:48 (842 turns).

qw the Ruffian (Troll Cinder Acolyte)                Turns: 842, Time: 00:00:49

Health: -3/36      AC:  4    Str: 24    XL:     3   Next: 23%
Magic:  3/3        EV:  9    Int: 10    God:    Ignis [*****.]
Gold:   31         SH:  0    Dex:  5    Spells: 4/4 levels left

rFire   + . .      SeeInvis .     - Unarmed
rCold   . . .      Faith    .   (no shield)
rNeg    . . .      Spirit   .   a - +0 robe
rPois   .          Reflect  .   (helmet restricted)
rElec   .          Harm     .   (no cloak)
rCorr   .          Rampage  .   (gloves unavailable)
Will    .....                   (boots unavailable)
Stlth   +.........              (no amulet)
HPRegen 0.92/turn               (no ring)
MPRegen 0.08/turn               (no ring)

@: no status effects
A: large, unfitting armour, claws 3, regeneration 1, shaggy fur 1, tough skin 1
a: Renounce Religion, Fiery Armour, Foxfire Swarm, Rising Flame


You were on level 2 of the Dungeon.
You worshipped Ignis.
Ignis was extremely pleased with you.
You visited 1 branch of the dungeon, and saw 2 of its levels.

You collected 31 gold pieces.


Innate Abilities, Weirdness & Mutations

You are too large for most types of armour.
You have claws for hands.
Your natural rate of healing is unusually fast.
You are covered in fur. (AC +1)
You have tough skin. (AC +1)


   Skills:
 - Level 2.4 Fighting
 + Level 4.4 Unarmed Combat
 - Level 1.0 Spellcasting
 - Level 2.1 Fire Magic


You had 4 spell levels left.
You didn't know any spells.
Your spell library contained the following spells:

 Spells                   Type           Power      Damage    Failure   Level
 Scorch                   Fire           8%         2d5       22%         2

Inventory:

Armour
 a - a +0 robe (worn)
Scrolls
 b - a scroll of immolation {unknown}
 c - a scroll of noise {unknown}
 d - a scroll of identify {unknown}
 Y - a scroll of teleportation
Potions
 e - a potion of flight {unknown}

Dungeon Overview and Level Annotations

Branches:
Dungeon (2/15)

Altars:

Annotations:
D:2 Sigmund


Message History

You swing at nothing.
You swing at nothing.
A puff of flame appears from out of thin air!
The puff of flame misses you.
You swing at nothing.
You swing at nothing.
You swing at nothing.
Something hits you!
You swing at nothing.
You swing at nothing.
A magic dart appears from out of thin air!
The magic dart hits you.
You swing at nothing.
Something hits you.
You swing at nothing.
You swing at nothing.
Something hits you.
You swing at nothing.
You swing at nothing.
Something hits you.
You swing at nothing.
Something hits you!
You swing at nothing.
You swing at nothing.
Something hits you.
You swing at nothing.
Something completely misses you.
You swing at nothing.
You swing at nothing.
You hear some strange, mumbled words.
A puff of flame appears from out of thin air!
The puff of flame hits you. You resist.
You swing at nothing.
Something hits you!
You swing at nothing.
You swing at nothing.
Something hits you but does no damage.
You swing at nothing.
Something hits you.
You die...

..###..##.###.....#
...##.###.##......#
##........#<%.....#
......##....#...(.#
####......#....##.#
#.......####%.#...
#..#..........#####
######..#####..##
##.## #.@.# #..#
#...{..... ####
##........
######... .. .


There were no monsters in sight!

Vanquished Creatures
  2 worms (D:2)
  3 ball pythons
  3 endoplasms (D:1)
  A giant cockroach (D:1)
  A goblin (D:1)
  2 hobgoblins (D:1)
  3 kobolds (D:1)
  3 quokkas (D:1)
  2 bats (D:1)
  3 frilled lizards (D:1)
  10 rats (D:1)
33 creatures vanquished.

Notes
Turn   | Place    | Note
-------+----------+-------------------------------------------
     0 | D:1      | qw the Troll Cinder Acolyte began the quest for the Orb.
     0 | D:1      | Reached XP level 1. HP: 22/22 MP: 1/1
     0 | D:1      | 0 ||| qw: Version: 0.1-a-97-g2dd2ca4
     0 | D:1      | 0 ||| qw: Game counter: 4519
     0 | D:1      | 0 ||| qw: Always use a shield: true
     0 | D:1      | 0 ||| qw: God list: Okawaru
     0 | D:1      | 0 ||| qw: Allow faded altars: false
     0 | D:1      | 0 ||| qw: Do Orc after D:15 true
     0 | D:1      | 0 ||| qw: Do second Lair branch before Depths: true
     0 | D:1      | 0 ||| qw: Lair rune preference: random
     0 | D:1      | 0 ||| qw: Plans: Normal
     0 | D:1      | 0 ||| PLANNING D:1-11
   233 | D:1      | Reached XP level 2. HP: 29/29 MP: 2/2
   249 | D:1      | Found a faded altar of an unknown god.
   319 | D:1      | 319 ||| Stepping ~*~*~tactically~*~*~ (outnumbered).
   320 | D:1      | 320 ||| Stepping ~*~*~tactically~*~*~ (outnumbered).
   321 | D:1      | 321 ||| Stepping ~*~*~tactically~*~*~ (outnumbered).
   322 | D:1      | 322 ||| Stepping ~*~*~tactically~*~*~ (outnumbered).
   323 | D:1      | 323 ||| Stepping ~*~*~tactically~*~*~ (outnumbered).
   413 | D:1      | 413 ||| Stepping ~*~*~tactically~*~*~ (stealth).
   416 | D:1      | Reached skill level 4 in Unarmed Combat
   418 | D:1      | 418 ||| Stepping ~*~*~tactically~*~*~ (stealth).
   485 | D:1      | Reached XP level 3. HP: 36/36 MP: 3/3
   717 | D:1      | 717 ||| READING 3 scrolls labelled WUYLU OMEUZO FESCH.
   718 | D:1      | 718 ||| READING scroll labelled ELLIASAWYU.
   719 | D:1      | 719 ||| READING 2 scrolls labelled MOHIBEN DUABB.
   724 | D:1      | 724 ||| DROPPING 2 scrolls of magic mapping.
   801 | D:2      | 801 ||| Stepping ~*~*~tactically~*~*~ (stealth).
   818 | D:2      | Noticed Sigmund
   833 | D:2      | HP: 6/36 [something (8)]
   838 | D:2      | HP: 8/36 [something/puff of flame (2)]
   839 | D:2      | HP: 1/36 [something (8)]
   842 | D:2      | Slain by Sigmund

Levels and vault maps discovered:
D:1:      evilmike_arrival_hilbert_curve, layout_basic,
          ebering_ecumenical_altar_petrified, minmay_indecisive_spiral
D:2:      minmay_wonky_spiral, layout_rooms, uniq_sigmund,
          uniq_crazy_yiuf_cottage

Skill      XL: |  1  2 |
---------------+-------+-----
Unarmed Combat | 4 |  4.4
Fighting       | |  2.4
Spellcasting   | |  1.0
Fire Magic     | |  2.1

Action                   || total
-------------------------++-------
Melee: Unarmed           ||   114
  Use: Scroll            ||     3
Armor: Robe              ||    41
Dodge: Dodged            ||    41

Table legend:
 A = Non-vault XP
 B = Vault XP
 C = Vault XP percentage of total XP
 D = Non-vault monster count
 E = Vault monster count
 F = Vault count percentage of total count
                 A         B        C        D         E       F
            +---------+---------+-------+---------+---------+-------
      Total |      49 |       5 |   9.3 |      29 |       4 |  12.1
            +---------+---------+-------+---------+---------+-------
        D:1 |      38 |       5 |  11.6 |      26 |       4 |  13.3
        D:2 |      11 |       0 |   0.0 |       3 |       0 |   0.0
            +---------+---------+-------+---------+---------+-------
